 Dungeon Crawl Stone Soup version 0.26.0-18-gc5c842f807 (webtiles) character file.

Game seed: 7960213869527977409

2057 kaeus the Arsonist (level 9, 0/45 HPs)
             Began as a Gargoyle Fire Elementalist on Jan 23, 2021.
             Was a Follower of the Shining One.
             Slain by Prince Ribbit (11 damage)
             ... on level 6 of the Dungeon.
             The game lasted 00:10:11 (8194 turns).

kaeus the Arsonist (Gargoyle Fire Elementalist)     Turns: 8194, Time: 00:10:12

Health: 0/45       AC: 10    Str: 12    XL:     9   Next: 25%
Magic:  16/17      EV: 11    Int: 19    God:    the Shining One [*.....]
Gold:   193        SH:  0    Dex: 10    Spells: 9/19 levels left

rFire    . . .     SeeInvis .   q - +3 great sword
rCold    . . .     Faith    .   (shield currently unavailable)
rNeg     + . .     Spirit   .   g - +0 leather armour
rPois    ∞         Reflect  .   i - +0 helmet
rElec    +         Harm     .   (no cloak)
rCorr    .         Rampage  .   (no gloves)
Will     .....                  (no boots)
Stlth    +.........             c - amulet of regeneration
HPRegen  0.55/turn              (no ring)
MPRegen  0.15/turn              (no ring)

@: very slightly contaminated, glowing
A: negative energy resistance 1, electricity resistance, unbreathing,
petrification resistance, miasma immunity, AC +6
a: Renounce Religion


You were on level 6 of the Dungeon.
You worshipped the Shining One.
The Shining One was aware of your devotion.
You visited 2 branches of the dungeon, and saw 8 of its levels.

You collected 333 gold pieces.
You spent 140 gold pieces at shops.

Inventory:

Hand Weapons
 e - a +0 war axe
 q - a +3 great sword (weapon)
Armour
 g - a +0 leather armour (worn)
 i - a +0 helmet (worn)
Jewellery
 c - an amulet of regeneration (around neck)
Wands
 t - a wand of flame (9)
Scrolls
 a - 3 scrolls of teleportation
 b - a scroll of magic mapping {unknown}
 d - 7 scrolls of identify
 k - 3 scrolls of remove curse
 m - a scroll of blinking {unknown}
 n - a scroll of random uselessness {unknown}
 o - 2 scrolls of enchant armour {unknown}
 p - 2 scrolls of enchant weapon {unknown}
 r - a scroll of amnesia {unknown}
Potions
 f - 2 potions of curing {unknown}
 h - 4 potions of magic {unknown}
 j - 6 potions of heal wounds
 s - a potion of ambrosia {unknown}


   Skills:
 - Level 1.5 Dodging
 - Level 2.1 Stealth
 + Level 5.7 Spellcasting
 + Level 6.4 Conjurations
 * Level 9.0 Fire Magic


You had 9 spell levels left.
You knew the following spells:

 Your Spells              Type           Power        Failure   Level
a - Foxfire               Conj/Fire      100%         1%          1
b - Sticky Flame          Conj/Fire      34%          6%          4
c - Fireball              Conj/Fire      17%          17%         5

Your spell library contained the following spells:

 Spells                   Type           Power        Failure   Level
 Conjure Flame            Conj/Fire      34%          1%          3
 Inner Flame              Hex/Fire       22%          7%          3


Dungeon Overview and Level Annotations

Branches:
Dungeon (7/15)             Temple (1/1) D:5

Altars:
Ru
Sif Muna
Xom
The Shining One

Shops:
D:4 !   D:6 =

Annotations:
D:6 3 runed translucent doors, Prince Ribbit; canine's ghost, novice GnDe
D:7 Menkaure


Innate Abilities, Weirdness & Mutations

You are resistant to torment.
Your stone body is resilient. (AC +6)
You are immune to poison.
You resist negative energy. (rN+)
You are resistant to electric shocks. (rElec)
You can survive without breathing.
You are immune to petrification.
You are immune to miasma.


Message History

You barely miss Prince Ribbit. Prince Ribbit closely misses you.
Prince Ribbit blinks!
Health restored: 45 You feel less confused.
Prince Ribbit hits you!
You take 10 damage, and have 35/45 hp.
MASSIVE DAMAGE!!
Casting: Foxfire (safe; 1% risk of failure)
Confirm with . or Enter, or press ? or * to list all spells.
You miscast Foxfire.
You are very lightly contaminated with residual magic.
Nothing appears to happen.
Prince Ribbit hits you!
Prince Ribbit hits you but does no damage.
You take 12 damage, and have 23/45 hp.
MASSIVE DAMAGE!!
You now have 16/17 mp.
You closely miss Prince Ribbit. Prince Ribbit hits you. Prince Ribbit hits you!
* * * LOW HITPOINT WARNING * * *
You take 13 damage, and have 10/45 hp.
MASSIVE DAMAGE!!
You slash Prince Ribbit!
Prince Ribbit is moderately wounded.
Prince Ribbit hits you!
You die...

.........#..###..#...[#.##≈⌠≈##..
.##....###.......#...(#..######..
.......#.##......##...###....#...
.##....#.........................
.............#####.#####.........
.....#...##..)>)...###...........
..##.#..###..#÷)...##............
..#####..#...#).....#......#.#...
..## #...##.....@..........#.....
...# ##.........F#...............
...# #...........###.............
#.## #.......##......#..........#
### #...............#..........#
###........................#
####.................##...
#............<....##...
#...............####...


You could see Prince Ribbit.

Vanquished Creatures
  Eustachio (D:4)
  Duvessa (D:5)
  3 phantoms
  2 sky beasts
  An ogre (D:6)
  2 centaurs
  Dowan (D:5)
  2 scorpions
  A bullfrog zombie (D:5)
  3 hounds
  2 jellies (D:5)
  An orc priest (D:5)
  A centaur skeleton (D:4)
  6 orc wizards
  6 worker ants
  2 hound skeletons
  A howler monkey zombie (D:6)
  A worker ant zombie (D:5)
  12 adders
  5 gnolls
  A howler monkey skeleton (D:4)
  A shadow imp (D:5)
  3 white imps
  2 ufetubi (D:5)
  2 oozes
  A worm (D:4)
  4 dart slugs
  3 leopard geckos
  24 orcs
  A ball python (D:1)
  17 bats
  4 giant cockroaches
  9 hobgoblins
  14 jackals
  9 kobolds
  2 quokkas
  3 frilled lizards
  8 goblins
  A quokka skeleton (D:5)
  A quokka zombie (D:6)
  10 rats
174 creatures vanquished.

Vanquished Creatures (others)
  626 foxfires
  2 fungi (D:6)
  2 plants (D:6)
630 creatures vanquished.

Grand Total: 804 creatures vanquished

Notes
Turn   | Place    | Note
-------+----------+-------------------------------------------
     0 | D:1      | kaeus the Gargoyle Fire Elementalist began the quest for
                  | the Orb.
     0 | D:1      | Reached XP level 1. HP: 10/10 MP: 3/3
   221 | D:1      | Reached XP level 2. HP: 15/15 MP: 0/5
   709 | D:1      | Reached XP level 3. HP: 8/19 MP: 0/6
  1938 | D:2      | Reached skill level 4 in Fire Magic
  1938 | D:2      | Reached XP level 4. HP: 24/24 MP: 4/7
  2334 | D:2      | You fall into a shaft and drop 1 floor!
  2605 | D:2      | Found a sacrificial altar of Ru.
  2812 | D:3      | Reached XP level 5. HP: 28/28 MP: 0/9
  3877 | D:4      | Reached skill level 5 in Fire Magic
  3877 | D:4      | Reached XP level 6. HP: 29/32 MP: 0/10
  3989 | D:4      | Learned a level 4 spell: Sticky Flame
  3996 | D:4      | Learned a level 5 spell: Fireball
  4563 | D:4      | Found Ixzossid's Distillery.
  4575 | D:4      | Bought 2 potions of heal wounds for 140 gold pieces
  5046 | D:4      | Noticed Eustachio
  5067 | D:4      | Killed Eustachio
  5068 | D:4      | Reached skill level 6 in Fire Magic
  5068 | D:4      | Reached XP level 7. HP: 23/36 MP: 5/12
  5374 | D:5      | Entered Level 5 of the Dungeon
  5840 | D:5      | Reached XP level 8. HP: 41/41 MP: 8/14
  5936 | D:5      | Reached skill level 7 in Fire Magic
  6097 | D:5      | Noticed Duvessa
  6104 | D:5      | Noticed Dowan
  6109 | D:5      | Killed Duvessa
  6110 | D:5      | Reached skill level 5 in Conjurations
  6123 | D:5      | Killed Dowan
  6409 | D:5      | Found a staircase to the Ecumenical Temple.
  6468 | Temple   | Entered the Ecumenical Temple
  6475 | Temple   | Became a worshipper of the Shining One
  6633 | D:5      | Reached skill level 5 in Spellcasting
  6950 | D:6      | Found a runed translucent gate.
  6955 | D:6      | Reached skill level 8 in Fire Magic
  7017 | D:6      | Found a runed translucent gate.
  7324 | D:6      | Found a runed translucent gate.
  7325 | D:6      | Noticed canine's ghost (novice GnDe)
  7325 | D:6      | Identified the +4 dagger of Innocence {chaos, Str+6 Dex+7}
  7337 | D:6      | Reached XP level 9. HP: 45/45 MP: 13/17
  7340 | D:6      | Reached * piety under the Shining One
  7578 | D:6      | Found Paluse's Jewellery Shoppe.
  7748 | D:7      | Noticed Prince Ribbit
  7863 | D:7      | Noticed Menkaure
  8174 | D:7      | Reached skill level 9 in Fire Magic
  8194 | D:6      | Slain by Prince Ribbit

Illustrated notes

Levels and vault maps discovered:
D:1:      sevenhm_arrival_forest_fort_small_5, layout_basic
D:2:      kennysheep_six_static_rooms, layout_loops_ring, old_standard_altar
D:3:      layout_rooms
D:4:      layout_layer_cave, serial_shops, nicolae_shop_statue_plus,
          serial_rivers, chequers_serial_rivers_micro_a,
          chequers_serial_rivers_micro_e, chequers_serial_rivers_micro_e,
          chequers_serial_rivers_large_a, uniq_eustachio
D:5:      layout_loops_ring, minmay_temple_entry_nine_rooms,
          columned_hall_lemuel, st_stairs_4, uniq_duvessa
D:6:      layout_cave_pools, gammafunk_ghost_nasty_kobolds, serial_shops,
          kennysheep_little_box
D:7:      layout_rooms, serial_shops, nicolae_shop_waterfront,
          nicolae_shop_stone, uniq_menkaure, uniq_joseph, uniq_prince_ribbit1,
          uniq_harold
Temple:   regret_index_temple_sigil_plot

Skill      XL: |  1  2  3  4  5  6  7  8  9 |
---------------+----------------------------+-----
Conjurations   | 2 3 4 6 |  6.4
Fire Magic     | 4 5 6 8 9 |  9.0
Spellcasting   | 3 4 5 |  5.7
Dodging        | |  1.5
Stealth        | |  2.1

Action                   |  1- 3 |  4- 6 |  7- 9 || total
-------------------------+-------+-------+-------++-------
Melee: Unarmed           |     9 |       |       ||     9
       Dagger            |    35 |       |       ||    35
       War axe           |    13 |    18 |       ||    31
       Short sword       |       |    53 |    49 ||   102
       Great sword       |       |       |    40 ||    40
 Cast: Foxfire           |    80 |   170 |   157 ||   407
       Sticky Flame      |       |       |     1 ||     1
  Use: Scroll            |       |       |     3 ||     3
Armor: Robe              |    27 |       |       ||    27
       Leather armour    |       |    40 |    75 ||   115
Dodge: Dodged            |    66 |    61 |    80 ||   207
       Rpst.: Great sword |       |       |    15 ||    15
